 Dungeon Crawl Stone Soup version 0.31-a0-963-ga325b2283a (webtiles) character file.

Game seed: 12542505755553426170

50 Morbidden the Conjurer (level 3, -8/25 HPs)
             Began as a Demonspawn Conjurer on Oct 25, 2023.
             Mangled by an orc
             ... wielding a +0 flail
              (9 damage)
             ... on level 3 of the Dungeon.
             The game lasted 00:01:55 (1908 turns).

Morbidden the Conjurer (Demonspawn Conjurer)        Turns: 1908, Time: 00:01:56

Health: -8/25      AC:  2    Str:  7    XL:     3   Next: 55%
Magic:  0/6        EV: 12    Int: 21    God:
Gold:   134        SH:  4    Dex: 11    Spells: 3/6 levels left

rFire   . . .        d - +0 dagger
rCold   . . .        (no shield)
rNeg    . . .        a - +0 robe
rPois   .            (no helmet)
rElec   .            (no cloak)
rCorr   .            (no gloves)
SInv    .            (no boots)
Will    .....        (no amulet)
Stlth   ++           (no ring)
HPRegen 0.24/turn    (no ring)
MPRegen 0.10/turn

%: no passive effects
@: no status effects
A: condensation shield
a: no special abilities


You were on level 3 of the Dungeon.
You visited 1 branch of the dungeon, and saw 3 of its levels.

You collected 134 gold pieces.

Inventory:

Hand Weapons
 d - a +0 dagger (weapon)
Armour
 a - a +0 robe (worn)
Scrolls
 c - 3 scrolls of identify {unknown}
 i - 3 scrolls of teleportation {unknown}
 j - a scroll of enchant weapon {unknown}
 k - a scroll of fog {unknown}
 m - a scroll of revelation {unknown}
 n - a scroll of amnesia {unknown}
 o - a scroll of fear {unknown}
Potions
 b - a potion of magic
 e - a potion of might {unknown}
 f - a potion of haste {unknown}
 g - 2 potions of enlightenment {unknown}
 h - 2 potions of curing
 l - a potion of mutation {unknown}


   Skills:
 * Level 0.6 Fighting
 * Level 2.0 Dodging
 + Level 1.7 Stealth
 + Level 0.1 Shields
 * Level 2.4 Spellcasting
 * Level 4.8 Conjurations


You had 3 spell levels left.
You knew the following spells:

 Your Spells              Type           Power      Damage    Failure   Level
a - Magic Dart            Conj           88%        1d7       1%          1
b - Searing Ray           Conj           44%        2d6       3%          2

Your spell library contained the following spells:

 Spells                   Type           Power      Damage    Failure   Level
 Dazzling Flash           Conj/Hex       24%        N/A       16%         3
 Fulminant Prism          Conj/Hex       6%         3d7       45%         4
 Iskenderun's Mystic Bla  Conj/Tloc      12%        2d5       45%         4


Dungeon Overview and Level Annotations

Branches:
Dungeon (3/15)

Altars:

Annotations:
D:2 Sigmund, Terence


Innate Abilities, Weirdness & Mutations

A meltable shield of frost defends you. (SH +4)


Message History

The orc is heavily wounded.
The orc misses you. You block the orc's attack.
You hit the orc.
The orc is heavily wounded.
The orc hits you from afar with a +0 trident!
* * * LOW HITPOINT WARNING * * *
You block the orc's attack.
You are too injured to fight recklessly!
You are too injured to fight recklessly!
Unknown command.
You are too injured to fight recklessly!
You are too injured to fight recklessly!
Casting: Magic Dart (safe; 1% risk of failure)
Confirm with . or Enter, or press ? or * to list all spells.
Aiming: Magic Dart (safe; 1% risk of failure)
Press: ? - help, Shift-Dir - straight line, f/p - orc
Aim: an orc, wielding a +0 flail and wearing a +0 leather armour (severely wounded, 100% to hit)
The magic dart hits the orc.
You kill the orc!
The orc misses you.
Unknown command.
Casting: Magic Dart (safe; 1% risk of failure)
Confirm with . or Enter, or press ? or * to list all spells.
You don't have enough magic to cast this spell.
Unknown command.
Unknown command.
You are too injured to fight recklessly!
You are too injured to fight recklessly!
Unknown command.
You barely miss the orc.
The orc is severely wounded.
The orc hits you with a +0 flail!
* * * LOW HITPOINT WARNING * * *
The orc misses you.
Unknown command.
Unknown command.
You hit the orc but do no damage.
The orc is severely wounded.
The orc hits you with a +0 flail!
You die...

...............+....
#...........# #....
#....#....# #....
#..†....# #....
+.......+ #.###
##.......## #.#
#....#....# #^#
#..##+##..# #.# #@##
##.# #.###
#o#######'####.##.
o.................
.....##############
#######


You could see 2 orcs.

Vanquished Creatures
  An adder (D:2)
  A dart slug (D:3)
  A worm (D:3)
  2 orcs (D:3)
  6 endoplasms
  A giant cockroach (D:1)
  A goblin (D:2)
  5 hobgoblins
  3 kobolds
  2 quokkas
  2 ball pythons (D:3)
  3 bats
  3 rats
31 creatures vanquished.

Notes
Turn   | Place    | Note
-------+----------+-------------------------------------------
     0 | D:1      | Morbidden the Demonspawn Conjurer began the quest for the
                  | Orb.
     0 | D:1      | Reached XP level 1. HP: 13/13 MP: 3/3
   213 | D:1      | Gained mutation: A meltable shield of frost defends you.
                  | (SH +4) [demonic ancestry]
   213 | D:1      | Reached XP level 2. HP: 19/19 MP: 0/5
   369 | D:1      | Found a faded altar of an unknown god.
  1039 | D:2      | Noticed Terence
  1043 | D:2      | Noticed Sigmund
  1132 | D:3      | Reached XP level 3. HP: 25/25 MP: 4/6
  1183 | D:3      | Learned a level 2 spell: Searing Ray
  1907 | D:3      | HP: 1/25 [orc/+0 flail (7)]
  1908 | D:3      | Mangled by an orc

Illustrated notes

Levels and vault maps discovered:
D:1:      minmay_arrival_hallway, layout_rooms,
          hellmonk_ecumenical_altar_inner_sanctum
D:2:      layout_basic, uniq_terence, uniq_robin, uniq_sigmund
D:3:      layout_basic, mainiacjoe_overflow_alcove_2, serial_bayou,
          serial_bayou_pond_e, serial_bayou_pond_c, serial_bayou_lagoon_a,
          serial_bayou_pond_b, serial_bayou_shore_b, minmay_pentangle

Skill      XL: |  1  2  3 |
---------------+----------+-----
Dodging        | 2 |  2.0
Fighting       | |  0.6
Stealth        | |  1.7
Shields        | |  0.1
Spellcasting   | |  2.4
Conjurations   | |  4.8

Action                     || total
---------------------------++-------
  Melee: Dagger            ||    34
   Cast: Magic Dart        ||    74
         Searing Ray       ||     1
    Use: Potion            ||     1
 Armour: Robe              ||    25
  Dodge: Dodged            ||    40
  Block: Other             ||    13

Table legend: (Time is in decaauts)
 A = Elapsed time spent in this place.
 B = Non-inter-level travel time spent in this place.
 C = Inter-level travel time spent in this place.
 D = Time resting spent in this place.
 E = Time spent auto-exploring this place.
 F = Levels seen in this place.
 G = Mean time per level.
                   A        B        C        D        E       F      G
               +--------+--------+--------+--------+--------+-----+--------+
         Total |   1920 |   1895 |     25 |     41 |   1579 |   3 |  640.0 |
       Dungeon |   1920 |   1895 |     25 |     41 |   1579 |   3 |  640.0 |
               +--------+--------+--------+--------+--------+-----+--------+

Top non-repeatable levels by time:
     D:3: 845 daAuts
     D:1: 586 daAuts
     D:2: 488 daAuts
